 Dungeon Crawl Stone Soup version 0.21-a0-243-g597973d (webtiles) character file.

7 RandomMack the Sneak (level 1, -4/10 HPs)
             Began as a Spriggan Assassin on Sept 4, 2017.
             Killed from afar by an orc wizard (8 damage)
             ... with a magic dart
             ... on level 4 of the Dungeon.
             The game lasted 00:00:58 (294 turns).

RandomMack the Sneak (Spriggan Assassin)             Turns: 294, Time: 00:00:59

Health: -4/10      AC:  3    Str:  7    XL:     1   Next: 91%
Magic:  2/2        EV: 17    Int: 17    God:
Gold:   0          SH:  0    Dex: 17    Spells: 0/0 levels left

rFire    . . .     SeeInvis +   a - +3 dagger
rCold    . . .     Gourm    .   (shield restricted)
rNeg     . . .     Faith    .   c - +0 robe
rPois    .         Spirit   .   (helmet restricted)
rElec    .         Reflect  .   d - +0 cloak
rCorr    .         Harm     .   (gloves unavailable)
MR       .....                  (boots unavailable)
Stlth    ++++......             (no amulet)
HPRegen  0.03/turn              (no ring)
MPRegen  0.08/turn              (no ring)

@: brilliant, flying, very quick
A: unfitting armour, see invisible, herbivore 3, speed 3, slow metabolism 2
a: no special abilities


You were on level 4 of the Dungeon.
You were not hungry.

You visited 1 branch of the dungeon, and saw 4 of its levels.

Inventory:

Hand Weapons
 a - a +3 dagger (weapon)
 b - a +0 blowgun
Missiles
 e - 8 poisoned needles
 f - 2 curare-tipped needles
Armour
 c - a +0 robe (worn)
 d - a +0 cloak (worn)
Comestibles
 g - a bread ration {@e1}
 l - 2 fruits


   Skills:
 - Level 1.5 Fighting
 - Level 2.1 Short Blades
 - Level 2.0 Throwing
 - Level 1.5 Dodging
 + Level 6.6 Stealth


You couldn't memorise any spells.
You didn't know any spells.

Dungeon Overview and Level Annotations

Branches:
Dungeon (4/15)
 Temple: D:4-7

Altars:


Innate Abilities, Weirdness & Mutations

You are very small and have problems with some larger weapons.
You are too small for most types of armour.
You have supernaturally acute eyesight. (SInv)
You are a herbivore.
You cover ground extremely quickly.
You need consume almost no food.


Message History

A kobold comes into view.
A worm comes into view.
There is a stone staircase leading down here.
You climb downwards.
There is a stone staircase leading up here.
You open the door.
A giant cockroach comes into view.
There is an open door here.
A giant cockroach is nearby!
A giant cockroach is nearby!
A giant cockroach is nearby!
The helpless giant cockroach fails to defend itself.
You impale the giant cockroach!!
You kill the giant cockroach!
i - a lumpy grey potion
Found a stone staircase leading down.
No target in view!
An orc comes into view. It is wielding a mace.
An orc comes into view. It is wielding a short sword.
A hobgoblin and 3 orcs come into view.
An orc is wielding a flail of protection.
The hobgoblin shouts!
The orc shouts!
The orc shouts!
A quokka and a kobold come into view.
There is a stone staircase leading down here.
The kobold shouts!
The orc shouts!
You climb downwards.
There is a stone staircase leading up here.
j - a glowing dark potion A leopard gecko comes into view.
A leopard gecko is nearby!
You see here a scroll labeled SUATUZX UZUGO.
k - a scroll labeled SUATUZX UZUGO You hit the leopard gecko.
The leopard gecko misses you.
You hit the leopard gecko.
The leopard gecko bites you but does no damage.
You closely miss the leopard gecko.
The leopard gecko bites you but does no damage.
You barely miss the leopard gecko. The leopard gecko misses you.
You hit the leopard gecko.
You kill the leopard gecko!
No target in view!
No target in view!
A dart slug comes into view.
A dart slug is nearby!
A dart slug is nearby!
You hit the dart slug. The dart slug misses you.
You hit the dart slug. You hit the dart slug.
You kill the dart slug!
No target in view!
You see here 27 stones.
A centaur comes into view.
A centaur is nearby!
A bullfrog skeleton comes into view.
You see here 2 fruits.
You see here 2 fruits.
l - 2 fruits The bullfrog skeleton closely misses you.
The bullfrog skeleton hits you.
You take 4 damage, and have 6/10 hp.
MASSIVE DAMAGE!!
An iguana comes into view.
A centaur skeleton comes into view.
An orc and an orc priest come into view.
The orc shouts!
An orc comes into view. It is wielding a short sword.
You see here 8 gold pieces.
An orc wizard comes into view. It is wielding a dagger.
An orc comes into view. It is wielding a club.
The orc shouts!
An orc comes into view. It is wielding a hand axe.
An orc comes into view.
The orc shouts!
The orc wizard gestures wildly while chanting.
The orc wizard blinks!
You hit the orc wizard. The orc wizard closely misses you.
As you read the scroll labeled SUATUZX UZUGO, it crumbles to dust.
You feel aware of your surroundings.
You sensed 1 altar.
It was a scroll of magic mapping.
The orc wizard gestures wildly while chanting.
The orc wizard seems to speed up.
You hear a shout!
As you read the scroll labeled TIUTWOF USAEPN, it crumbles to dust.
It is a scroll of enchant weapon.
Your +2 dagger glows red for a moment.
The orc wizard completely misses you. The orc wizard hits you with a dagger.
You take 3 damage, and have 4/10 hp.
MASSIVE DAMAGE!!
It was a potion of brilliance.
You feel clever all of a sudden. The orc wizard barely misses you.
It was a potion of flight.
You feel very buoyant.
You fly up into the air.
The orc wizard hits you but does no damage.
The orc wizard casts a spell at you. The magic dart hits you!
Ouch! That really hurt!
You die...

* *,,*<* #.# *,* *,* *
*,,*,* #Z# *,* *,*
****,*,**** #.# *,* *,*
,,,,,,,,,,* #.# *,* *,*
***,**,**,* #.# *,* *,*
*,**,*#o###.######.* *,*
*,,,,*#o.o.$.......* *,*
****,*#.###.##############,*
*,**,* #oZo@o.o.......o,*
*,**,* ################,*
****** ***


You could see an orc wizard, 3 orcs and a centaur skeleton.

Vanquished Creatures
  A dart slug (D:4)
  A leopard gecko (D:4)
  A giant cockroach (D:3)
  A hobgoblin (D:1)
4 creatures vanquished.

Notes
Turn   | Place    | Note
-------+----------+-------------------------------------------
     0 | D:1      | RandomMack the Spriggan Assassin began the quest for the Orb.
     0 | D:1      | Reached XP level 1. HP: 10/10 MP: 2/2
    16 | D:1      | Reached skill level 6 in Stealth
   200 | D:4      | Noticed a centaur
   262 | D:4      | Noticed an iguana
   276 | D:4      | Noticed an orc priest
   282 | D:4      | Noticed an orc wizard
   294 | D:4      | Killed from afar by an orc wizard

Vault maps used:
D:1:      lightli_arrival_noodles
D:3:      first_bread
D:4:      lemuel_zombie_altar_kikubaaqudgha

Skill      XL: |  1 |
---------------+----+-----
Stealth        | 6 |  6.6
Fighting       | |  1.5
Short Blades   | |  2.1
Throwing       | |  2.0
Dodging        | |  1.5

Action                   || total
-------------------------++-------
Melee: Dagger            ||    12
  Use: Scroll            ||     2
       Potion            ||     2
 Stab: Sleeping          ||     2
Armor: Robe              ||     3
Dodge: Dodged            ||     7

Table legend:
 A = Spawn XP
 B = Non-spawn XP
 C = Spawn XP percentage of total XP
 D = Spawn monster count
 E = Non-spawn monster count
 F = Spawn count percentage of total count
 G = Total turns spent on level
                    A         B        C        D         E        F      G
               +---------+---------+-------+---------+---------+-------+---------
         Total |       0 |      11 |   0.0 |       0 |       4 |   0.0 |   294
               +---------+---------+-------+---------+---------+-------+---------
           D:1 |       0 |       2 |   0.0 |       0 |       1 |   0.0 |    48
           D:3 |       0 |       2 |   0.0 |       0 |       1 |   0.0 |    44
           D:4 |       0 |       7 |   0.0 |       0 |       2 |   0.0 |   144
               +---------+---------+-------+---------+---------+-------+---------

Vault maps used:
D:1:      lightli_arrival_noodles
D:3:      first_bread
D:4:      lemuel_zombie_altar_kikubaaqudgha

Table legend:
 A = Turns spent in this place as a percentage of turns spent in the entire game.
 B = Non-inter-level travel turns spent in this place as a percentage of non-inter-level travel turns spent in the entire game.
 C = Inter-level travel turns spent in this place as a percentage of turns spent in this place.
 D = Turns resting spent in this place as a percentage of non-inter-level travel turns spent in this place.
 E = Turns spent auto-exploring this place as a percentage of non-inter-level travel turns spent in this place.
 F = Non-inter-level travel turns spent in this place divided by the number of levels of this place that you've seen.
                   A       B       C       D       E      F
               +-------+-------+-------+-------+-------+----------------------
         Total | 100.0 | 100.0 |   0.3 |   0.0 |  45.1 |  73.2
       Dungeon | 100.0 | 100.0 |   0.3 |   0.0 |  45.1 |  73.2
               +-------+-------+-------+-------+-------+----------------------

Table legend:
 A = Kills in this place as a percentage of kills in entire the game.
 B = Kills by you in this place as a percentage of kills by you in the entire game.
 C = Kills by friends in this place as a percentage of kills by friends in the entire game.
 D = Other kills in this place as a percentage of other kills in the entire game.
 E = Experience gained in this place as a percentage of experience gained in the entire game.
 F = Experience gained in this place divided by the number of levels of this place that you have seen.
                   A       B       C       D       E      F
               +-------+-------+-------+-------+-------+----------------------
         Total | 100.0 | 100.0 |   N/A |   N/A | 100.0 |   2.8
       Dungeon | 100.0 | 100.0 |   N/A |   N/A | 100.0 |   2.8
               +-------+-------+-------+-------+-------+----------------------
